 Dungeon Crawl Stone Soup version 0.20.0-10-g0535bb4 (webtiles) character file.

44025 grindst0ne the Severer (level 14, -19/80 HPs)
             Began as a Gargoyle Fighter on June 6, 2017.
             Was the Champion of Okawaru.
             Demolished by an ettin (20 damage)
             ... on level 12 of the Dungeon.
             The game lasted 00:47:27 (23035 turns).

grindst0ne the Severer (Gargoyle Fighter)          Turns: 23035, Time: 00:47:28

Health: -19/80     AC: 39    Str: 34 (36) XL:     14   Next: 26%
Magic:  37/37      EV:  8    Int: 12 (13) God:    Okawaru [******]
Gold:   977        SH:  0    Dex: 11 (13) Spells: 13/13 levels left

rFire    . . .     SeeInvis +   G - +6 executioner's axe of the Desert {elec, MP+9 SInv}
rCold    . . .     Gourm    .   (shield currently unavailable)
rNeg     + . .     Faith    .   I - +8 plate armour "Kothisse" {MP+9 Str+7}
rPois    ∞         Spirit   .   U - +1 helmet {Int+3}
rElec    +         Reflect  .   q - +2 cloak
rCorr    .         Harm     .   u - +0 pair of gloves
MR       ++++.                  (no boots)
Stlth    ..........             (no amulet)
Regen    0.3/turn               v - +6 ring of slaying
MPRegen  0.3/turn               A - ring of Ychofeuh {*Drain *Slow MR+++ Str+9 Stlth+}

@: flying
A: big wings, yellow scales 1, blurry vision 2, deformed body, deterioration 1,
mutation resistance 1, negative energy resistance 1, electricity resistance,
unbreathing, petrification resistance, rot immunity, AC +9
a: Stop Flying, Heroism, Finesse, Renounce Religion


You were on level 12 of the Dungeon.
You worshipped Okawaru.
Okawaru was exalted by your worship.
You were near starving.

You visited 3 branches of the dungeon, and saw 19 of its levels.
You also visited: Labyrinth and Sewer.

You collected 1301 gold pieces.
You spent 324 gold pieces at shops.

Inventory:

Hand Weapons
 G - the +6 executioner's axe of the Desert (weapon) {elec, MP+9 SInv}
   (Okawaru gifted it to you on level 6 of the Lair of Beasts)

   Occasionally, upon striking a foe, it will discharge some electrical energy
   and cause terrible harm.
   It affects your magic capacity (+9).
   It lets you see invisible.
Armour
 c - a +2 crystal plate armour
 q - a +2 cloak (worn)
 u - a +0 pair of gloves (worn)
 I - the +8 plate armour "Kothisse" (worn) {MP+9 Str+7}
   (Okawaru gifted it to you on level 6 of the Lair of Beasts)

   It affects your strength (+7).
   It affects your magic capacity (+9).
 U - a +1 helmet of intelligence (worn)
Jewellery
 h - an uncursed ring of resist corrosion
 v - a +6 ring of slaying (left hand)
 x - a +5 amulet of reflection {unknown}
 A - the ring of Ychofeuh (right hand) {*Drain *Slow MR+++ Str+9 Stlth+}
   (You found it on level 6 of the Dungeon)

   [ring of stealth]

   It affects your strength (+9).
   It affects your resistance to hostile enchantments.
   It causes draining when unequipped.
   It may slow you when you take damage.
   It makes you more stealthy.
 W - an uncursed ring of stealth
Wands
 d - a wand of disintegration (0/24)
 j - a wand of flame (0/48)
 M - a wand of enslavement (8/24)
 X - a wand of iceblast (0/15)
 Y - a wand of polymorph (6/24)
Scrolls
 a - 2 scrolls of vulnerability {unknown}
 e - 11 scrolls of remove curse
 i - 9 scrolls of teleportation
 m - 4 scrolls of enchant armour
 n - 5 scrolls of fog
 t - a scroll of blinking
 y - 4 scrolls of enchant weapon
 B - 2 scrolls of magic mapping
 J - 4 scrolls of fear
 K - a scroll of acquirement {unknown}
 O - 3 scrolls of identify
 Q - a scroll of holy word {unknown}
 V - a scroll of recharging {unknown}
Potions
 b - a potion of haste
 g - 3 potions of degeneration
 l - 3 potions of lignification
 p - 5 potions of flight
 w - a potion of agility
 z - 7 potions of curing
 C - 3 potions of cancellation
 H - 2 potions of ambrosia
 L - 2 potions of brilliance
 P - a potion of berserk rage
 S - 2 potions of resistance
 T - a potion of invisibility
Books
 F - a book of Necromancy

   Spells                             Type                      Level
   a - Pain                           Necromancy                   1
   b - Animate Skeleton               Necromancy                   1
   c - Vampiric Draining              Necromancy                   3
   d - Regeneration                   Charms/Necromancy            3
   e - Animate Dead                   Necromancy                   4
   f - Control Undead                 Necromancy                   4
Miscellaneous
 D - a lamp of fire (inert)
 E - a fan of gales
Comestibles
 f - 5 bread rations
 k - 24 fruits
 o - 17 royal jellies
 s - 11 meat rations


   Skills:
 - Level 6.2 Fighting
 + Level 15.8 Axes
 - Level 15.0 Armour
   Level 3.2 Shields
 - Level 7.0 Evocations


You had 13 spell levels left.
You didn't know any spells.

Dungeon Overview and Level Annotations

Branches:
Dungeon (12/15)            Temple (1/1) D:4            Lair (6/6) D:11
  Swamp (0/4) Lair:3       Spider (0/4) Lair:3        Slime (0/5) Lair:6
    Orc: D:9-12

Altars:
Ashenzari
Cheibriados
Dithmenos
Elyvilon
Fedhas
Gozag
Hepliaklqana
Kikubaaqudgha
Makhleb
Nemelex Xobeh
Okawaru
Qazlal
Ru
Sif Muna
Trog
Uskayaw
Vehumet
Xom
Yredelemnul
Zin
The Shining One
Jiyva

Shops:
D:7 *

Portals:
Trove: D:12 (give +8 demon blade)

Annotations:
Lair:2 exclusion: downstairs


Innate Abilities, Weirdness & Mutations

You are resistant to torment.
Your stone body is resilient. (AC +9)
You are immune to poison.
Your large and strong wings let you fly indefinitely.
You resist negative energy. (rN+)
You are resistant to electric shocks. (rElec)
You can survive without breathing.
You are immune to petrification.
You are immune to rotting.
You are partially covered in yellow scales. (AC +2)
Scrolls take you longer to read.
Armour fits poorly on your strangely shaped body.
Your body sometimes deteriorates upon taking damage.
You are somewhat resistant to further mutation.


Message History

* * * LOW HITPOINT WARNING * * *
Your body deteriorates!
You feel weakened. The ettin hits you!
* * * LOW HITPOINT WARNING * * *
Your body deteriorates!
You feel clumsy.
You feel much better. The ettin hits you.
* * * LOW HITPOINT WARNING * * *
The ettin hits you!
* * * LOW HITPOINT WARNING * * *
Okay, then.
Okay, then.
You slash the ettin!
The ettin is almost dead.
The ettin hits you!
* * * LOW HITPOINT WARNING * * *
The ettin hits you but does no damage.
You hit the ettin.
The ettin is almost dead.
The ettin hits you but does no damage. The ettin hits you!!
You die...

### #.# #.. ..# ..$ #..
#.# #.### ######## #.#
.... #......## #.###.#
#.......# #.u.ou#
#.##..... ......)o###C#
#.##.#..# ..####### #@#
#.##....# ##.##
#.......# #...#
#.####..# #...#
#.......# #. #...#
######.## #.###...#####
#<#
#..(........########.##
..........#.....†......
#...........##.##.##..#


You could see a white ugly thing, an ettin and an orc.

Vanquished Creatures
  A sphinx (Lair:6)
  Nessos (Lair:5)
  A minotaur (Lab)
  Erolcha (D:11)
  5 hydras
  The ghost of Patate the Fighter, a journeyman GrFi of Ru (D:9)
  A two-headed ogre (D:8)
  Nergalle (Lair:4)
  An unseen horror (D:10)
  A necromancer (Lair:4)
  2 ugly things (D:11)
  A manticore (D:11)
  6 elephants (Lair:6)
  Psyche (D:11)
  2 torpor snails
  6 black mambas
  A centaur skeleton (D:9)
  5 spiny frogs
  A rime drake (Lair:3)
  8 komodo dragons
  A troll (D:10)
  4 polar bears (Lair:6)
  6 hornets
  8 blink frogs
  2 dream sheep (Lair:6)
  9 hippogriffs
  10 spriggans (Lair:6)
  3 redbacks (Lair:3)
  4 wyverns
  30 yaks
  A shadow (D:11)
  Eustachio (D:4)
  4 basilisks
  2 soldier ants (D:8)
  9 water moccasins
  6 porcupines
  7 black bears
  3 orc warriors
  3 sky beasts
  4 phantoms
  3 ice beasts
  2 necrophages
  12 ogres
  2 boggarts (Lair:6)
  5 centaurs
  The ghost of Soyweiser the Charmwright, an amateur MfSk (D:3)
  14 wolves (Lair:6)
  Blork the orc (D:6)
  8 crocodiles
  15 bullfrogs
  A gnoll sergeant (D:10)
  A wyvern zombie (D:11)
  A water moccasin zombie (D:9)
  5 killer bees (D:12)
  2 scorpions
  6 crimson imps
  A centaur zombie (D:6)
  10 hounds
  2 bullfrog skeletons
  10 orc priests
  A jelly (D:9)
  3 iguanas
  9 orc wizards
  7 worker ants
  2 polar bear simulacra (Lair:4)
  A yak simulacrum (Lair:4)
  A killer bee zombie (D:9)
  5 wolf simulacra (Lair:4)
  2 hound zombies (D:6)
  12 gnolls
  2 worker ant zombies
  12 adders
  5 shadow imps
  6 oozes (Sewer)
  3 adder skeletons
  9 worms
  2 dart slugs (D:1)
  10 leopard geckos
  49 orcs
  3 ball pythons (D:5)
  11 bats
  9 giant cockroaches
  3 hobgoblins
  25 jackals
  4 quokkas
  10 frilled lizards
  8 goblins
  11 kobolds
  A leopard gecko skeleton (D:4)
  2 quokka skeletons (D:4)
  7 rats
  3 river rat simulacra (Lair:4)
  3 plants
507 creatures vanquished.

Vanquished Creatures (others)
  8 fungi
  2 plants (Lair:6)
10 creatures vanquished.

Grand Total: 517 creatures vanquished

Notes
Turn   | Place    | Note
-------+----------+-------------------------------------------
     0 | D:1      | grindst0ne the Gargoyle Fighter began the quest for the Orb.
     0 | D:1      | Reached XP level 1. HP: 14/14 MP: 1/1
   101 | D:1      | Reached XP level 2. HP: 15/20 MP: 2/2
   283 | D:1      | Reached XP level 3. HP: 16/24 MP: 3/3
   941 | D:2      | Reached skill level 5 in Fighting
  1060 | D:2      | Reached XP level 4. HP: 25/31 MP: 4/4
  1943 | D:3      | Reached XP level 5. HP: 19/36 MP: 5/5
  2233 | D:3      | Noticed Soyweiser's ghost (amateur MfSk)
  2258 | D:3      | Killed Soyweiser's ghost
  2295 | D:3      | Reached XP level 6. HP: 41/41 MP: 6/6
  2381 | D:3      | Reached skill level 5 in Armour
  3167 | D:4      | Reached XP level 7. HP: 11/46 MP: 7/7
  4735 | D:4      | Reached XP level 8. HP: 24/51 MP: 8/8
  4994 | D:4      | Found a staircase to the Ecumenical Temple.
  5010 | Temple   | Entered the Ecumenical Temple
  5199 | Temple   | Became a worshipper of Warmaster Okawaru
  5729 | D:4      | Noticed Eustachio
  5749 | D:4      | Killed Eustachio
  6011 | D:4      | Reached skill level 10 in Armour
  6127 | D:4      | Found a burning altar of Makhleb.
  6127 | D:4      | Found a shimmering altar of Xom.
  6345 | D:5      | Entered Level 5 of the Dungeon
  6345 | D:5      | Found a glowing drain.
  6350 | D:5      | Found a blossoming altar of Fedhas.
  6372 | Sewer    | Entered a sewer
  6559 | Sewer    | Reached * piety under Okawaru
  6986 | D:5      | Found an iron altar of Okawaru.
  7007 | D:5      | Found a hide-covered altar of Uskayaw.
  7106 | D:5      | Reached XP level 9. HP: 21/55 MP: 9/9
  7482 | D:5      | Noticed a hand axe
  7482 | D:5      | Noticed a hand axe
  7786 | D:6      | Got a bound bone ring
  7962 | D:6      | Found a shadowy altar of Dithmenos.
  8071 | D:6      | Reached ** piety under Okawaru
  8554 | D:6      | Noticed Blork the orc
  8561 | D:6      | Killed Blork the orc
  8565 | D:6      | Found a deep blue altar of Sif Muna.
  9092 | D:7      | Found Vowuc's General Store.
  9118 | D:7      | Bought a scroll of enchant armour for 90 gold pieces
  9118 | D:7      | Bought a scroll of identify for 24 gold pieces
  9118 | D:7      | Bought a scroll of amnesia for 42 gold pieces
  9118 | D:7      | Bought a potion of ambrosia for 96 gold pieces
  9118 | D:7      | Bought 3 scrolls of identify for 72 gold pieces
  9118 | D:7      | Identified the ring of Ychofeuh {*Drain *Slow MR+++ Str+9 Stlth+} (You found it on level 6 of the Dungeon)
  9351 | D:7      | Reached *** piety under Okawaru
  9629 | D:7      | Reached XP level 10. HP: 26/60 MP: 10/10
 10240 | D:8      | Noticed a two-headed ogre
 10285 | D:8      | Killed a two-headed ogre
 10596 | D:8      | Reached **** piety under Okawaru
 10650 | D:8      | Reached skill level 15 in Armour
 10796 | D:8      | Reached skill level 1 in Evocations
 11443 | D:9      | Noticed Patate's ghost (journeyman GrFi)
 11503 | D:9      | Killed Patate's ghost
 11503 | D:9      | Reached ***** piety under Okawaru
 11503 | D:9      | Reached skill level 5 in Evocations
 11807 | D:9      | Reached XP level 11. HP: 64/64 MP: 15/15
 12380 | D:10     | Entered Level 10 of the Dungeon
 12907 | D:10     | Killed an unseen horror
 13030 | D:10     | Gained mutation: You are partially covered in yellow scales. (AC +2) [mutagenic meat]
 13031 | D:10     | Gained mutation: Your body sometimes deteriorates upon taking damage. [mutagenic meat]
 13032 | D:10     | Gained mutation: Scrolls take you a little longer to read. [mutagenic meat]
 13033 | D:10     | Gained mutation: Scrolls take you longer to read. [mutagenic meat]
 13467 | D:11     | Noticed a purple ugly thing
 13479 | D:11     | Noticed Psyche
 13479 | D:11     | Killed a purple ugly thing
 13493 | D:11     | Killed Psyche
 13493 | D:11     | Reached skill level 5 in Axes
 13568 | D:11     | Gained mutation: Armour fits poorly on your strangely shaped body. [mutagenic meat]
 13569 | D:11     | Gained mutation: You are somewhat resistant to further mutation. [mutagenic meat]
 13713 | D:11     | Found a staircase to the Lair.
 13824 | D:11     | Noticed a green ugly thing
 13837 | D:11     | Killed a green ugly thing
 13929 | D:11     | Noticed Erolcha
 13943 | D:11     | Killed Erolcha
 13943 | D:11     | Reached ****** piety under Okawaru
 14093 | D:11     | Noticed a manticore
 14104 | D:11     | Killed a manticore
 14206 | Lair:1   | Entered Level 1 of the Lair of Beasts
 14228 | Lair:1   | Received a gift from Okawaru
 14345 | Lair:1   | Reached XP level 12. HP: 27/70 MP: 17/17
 15769 | Lair:2   | Received a gift from Okawaru
 15772 | Lair:2   | Got a transparent great mace {god gift}
 15773 | Lair:2   | Identified the +8 great mace "Tetitux" {crush, rPois rC- rN+ MP+9 Str+2} (Okawaru gifted it to you on level 2 of the Lair of Beasts)
 15798 | Lair:2   | Reached skill level 10 in Axes
 16533 | Lair:3   | Found a staircase to the Swamp.
 16534 | Lair:3   | Noticed a four-headed hydra
 16820 | Lair:2   | Killed a four-headed hydra
 17038 | Lair:3   | Received a gift from Okawaru
 17235 | Lair:3   | Noticed a six-headed hydra
 17240 | Lair:3   | Noticed an eight-headed hydra
 17241 | Lair:3   | Killed a six-headed hydra
 17337 | Lair:3   | Found a hole to the Spider Nest.
 17373 | Lair:3   | Found a basalt altar of Yredelemnul.
 17554 | Lair:3   | Killed an eight-headed hydra
 17554 | Lair:3   | Reached XP level 13. HP: 74/74 MP: 18/18
 17776 | Lair:4   | Found a labyrinth entrance.
 17799 | Lab      | Entered a labyrinth
 19350 | Lab      | Noticed a minotaur
 19357 | Lab      | Killed a minotaur
 19385 | Lab      | Identified the Papyrus of Translocation
 19618 | Lair:4   | Noticed Nergalle
 19627 | Lair:4   | Killed Nergalle
 20451 | Lair:5   | Noticed Nessos
 20462 | Lair:5   | Killed Nessos
 21108 | Lair:6   | Entered Level 6 of the Lair of Beasts
 21108 | Lair:6   | Found a viscous altar of Jiyva.
 21108 | Lair:6   | Found a staircase to the Slime Pits.
 21327 | Lair:6   | Noticed a sphinx
 21327 | Lair:6   | a four-headed hydra changed into a sphinx
 21339 | Lair:6   | Killed a sphinx
 21339 | Lair:6   | Received a gift from Okawaru
 21339 | Lair:6   | Received a gift from Okawaru
 21347 | Lair:6   | Got a bloodstained executioner's axe {god gift}
 21348 | Lair:6   | Identified the +6 executioner's axe of the Desert {elec, MP+9 SInv} (Okawaru gifted it to you on level 6 of the Lair of Beasts)
 21797 | Lair:6   | Reached skill level 15 in Axes
 21812 | Lair:6   | Gained mutation: Your large and strong wings let you fly indefinitely. [Gargoyle growth]
 21812 | Lair:6   | Reached XP level 14. HP: 74/80 MP: 19/19
 22447 | Lair:6   | Received a gift from Okawaru
 22450 | Lair:6   | Got a jewelled plate armour {god gift}
 22461 | Lair:6   | Identified the +8 plate armour "Kothisse" {MP+9 Str+7} (Okawaru gifted it to you on level 6 of the Lair of Beasts)
 22827 | D:12     | Found a portal to a secret trove of treasure.
 23034 | D:12     | HP: 1/80 [ettin (9)]
 23035 | D:12     | Demolished by an ettin

Skill      XL: |  1  2  3  4  5  6  7  8  9 10 11 12 13 |
---------------+----------------------------------------+-----
Fighting       | 4 5 6 |  6.2
Armour         | 4 6 8 11 13 15 | 15.0
Evocations     | 5 7 |  7.0
Axes           | 8 12 15 | 15.8
Shields        | |  3.2

Action                   |  1- 3 |  4- 6 |  7- 9 | 10-12 | 13-15 || total
-------------------------+-------+-------+-------+-------+-------++-------
Melee: War axe           |   122 |   188 |   666 |   433 |       ||  1409
       Battleaxe         |       |       |       |   176 |   128 ||   304
       Executioner's axe |       |       |       |       |   135 ||   135
Invok: Heroism           |       |       |       |     2 |     4 ||     6
 Abil: Fly               |       |       |       |       |     1 ||     1
Evoke: Wand              |       |       |     4 |    24 |    22 ||    50
       Lamp of fire      |       |       |       |       |     1 ||     1
  Use: Potion            |       |       |     7 |     4 |     4 ||    15
       Scroll            |       |       |    12 |     5 |     2 ||    19
 Stab: Invisible         |       |       |     2 |     1 |       ||     3
       Distracted        |       |       |       |       |     1 ||     1
  Eat: Chunk             |     1 |     7 |    18 |    23 |     8 ||    57
       Bread ration      |       |       |     1 |     2 |     2 ||     5
Armor: Scale mail        |    76 |   127 |   321 |    25 |       ||   549
       Chain mail        |       |       |   290 |       |       ||   290
       Plate armour      |       |       |       |   488 |    31 ||   519
       Crystal plate arm |       |       |       |    33 |   349 ||   382
Dodge: Dodged            |    47 |    59 |   276 |   225 |   132 ||   739
Block: Shield            |    81 |   113 |   408 |   260 |       ||   862
